AoeStats
← lgdaniel

Oasis

508949143Analyzed
3v3 RM · 9d ago on Sep 24, 2026· 40m 3s· 6 players
Game mode
Random Map
Map size
Normal (6 player)
Population
200
Speed
Normal
Resources
Standard
Victory
Conquest
Starting age
Dark Age
Ending age
Imperial Age
RankedLock teamsTeams togetherTeam positionsShared explorationLock speedFull tech treeHidden civsTurbo modeCheats
Victory
Defeat
🇵🇱 Vietnamese · Poland
1002
+13
🇩🇪 Britons · Germany
979
+13
🇪🇸 Khmer · Spain
965
+14
🇦🇷 Slavs · Argentina
949
-14
🇨🇳 Mongols · China
924
-13
🇪🇸 Chinese · Spain
921
-33
gustavoar
8:03 Loom
11:10 Feudal Age
12:10 Double-Bit Axe
12:18 Horse Collar
13:47 Gold Mining
15:01 Wheelbarrow
20:21 Castle Age
18:47 Town Watch
18:59 Stone Mining
21:18 Bow Saw
21:46 Gold Shaft Mining
21:17 Heavy Plow
20:42 Pikeman
23:38 Hand Cart
25:23 Forging
28:14 Squires
28:55 Iron Casting
30:17 Town Patrol
33:48 Imperial Age
34:03 Detinets
34:00 Fletching
35:06 Conscription
35:03 Bloodlines
36:20 Caravan
36:24 Bodkin Arrow
36:03 Elite Skirmisher
36:52 Cavalier
38:55 Husbandry
39:59 Chemistry
cristian19440
11:59 Feudal Age
12:58 Double-Bit Axe
15:14 Horse Collar
17:20 Arson
16:56 Man-at-Arms
17:35 Gold Mining
20:24 Wheelbarrow
25:34 Castle Age
26:19 Heavy Plow
26:45 Bow Saw
27:08 Hand Cart
27:33 Gold Shaft Mining
26:51 Stone Mining
26:34 Pikeman
27:16 Squires
27:22 Padded Archer Armor
27:31 Fletching
27:53 Forging
27:44 Scale Mail Armor
27:50 Scale Barding Armor
31:23 Loom
33:02 Iron Casting
32:43 Chain Mail Armor
32:40 Town Watch
37:06 Imperial Age
34:01 Elite Skirmisher
34:01 Crossbowman
35:21 Chain Barding Armor
35:18 Leather Archer Armor
36:03 Bodkin Arrow
36:26 Husbandry
35:47 Light Cavalry
36:37 Bloodlines
37:14 Town Patrol
38:38 Plate Mail Armor
38:44 Plate Barding Armor
39:10 Blast Furnace
38:10 Heavy Scorpion
摘星怪
7:29 Loom
13:36 Feudal Age
20:05 Castle Age
23:01 Double-Bit Axe
23:56 Stone Mining
25:18 Stone Mining
25:50 Bow Saw
28:43 Horse Collar
31:20 Stone Shaft Mining
36:30 Nomads
kainum
9:29 Loom
11:14 Feudal Age
14:38 Castle Age
13:02 Double-Bit Axe
13:09 Horse Collar
18:50 Heavy Plow
27:06 Ballistics
28:34 Bow Saw
31:29 Gold Mining
34:44 Imperial Age
32:50 Wheelbarrow
38:41 Chemistry
37:36 Fletching
37:10 Heavy Scorpion
37:51 Pikeman
39:13 Conscription
38:54 Double Crossbow
40:11 Bodkin Arrow
40:26 Scale Barding Armor
40:32 Forging
lgdaniel
3:55 Loom
11:08 Feudal Age
13:33 Wheelbarrow
16:33 Castle Age
15:19 Double-Bit Axe
17:33 Wheelbarrow
17:54 Bow Saw
17:30 Horse Collar
21:26 Heavy Plow
22:22 Fletching
25:41 Gold Mining
26:12 Bodkin Arrow
26:42 Hand Cart
28:08 Ballistics
33:13 Imperial Age
31:02 Padded Archer Armor
32:08 Yeomen
31:39 Town Watch
32:33 Masonry
33:32 Gold Shaft Mining
33:58 Leather Archer Armor
33:59 Bracer
35:04 Chemistry
33:39 Elite Longbowman
34:56 Warwolf
36:27 Two-Man Saw
36:06 Ring Archer Armor
37:23 Conscription
37:32 Conscription
36:51 Light Cavalry
38:41 Husbandry
39:26 Scale Barding Armor
39:36 Forging
La Khukharacha
6:41 Loom
7:36 Loom
10:31 Feudal Age
10:58 Double-Bit Axe
13:37 Horse Collar
17:20 Scale Barding Armor
24:13 Fletching
27:48 Castle Age
26:07 Padded Archer Armor
26:01 Gold Mining
28:15 Crossbowman
29:00 Bodkin Arrow
29:57 Thumb Ring
30:08 Bow Saw
30:00 Heavy Plow
31:36 Wheelbarrow
30:46 Town Watch
31:38 Leather Archer Armor
33:45 Ballistics
34:27 Hand Cart
37:40 Town Patrol
41:11 Imperial Age
38:41 Stone Mining
Connection lost

Rejoining the realm…

Still unreachable

The connection could not be restored.

Session expired

The server has moved on; the page needs a fresh start.